 Dungeon Crawl Stone Soup version 0.24.0-28-g17ded55e90 (webtiles) character file.

Game seed: 12253933767870524980, levelgen mode: deterministic

453 Fingolfin the Ducker (level 7, -4/58 HPs)
             Began as a Merfolk Necromancer on Nov 7, 2019.
             Was a Follower of Trog.
             Slain by a thrashing horror (7 damage)
             ... on level 1 of the Abyss on Nov 12, 2019.
             The game lasted 00:11:29 (3241 turns).

Fingolfin the Ducker (Merfolk Necromancer)          Turns: 3241, Time: 00:11:30

Health: -4/58      AC:  7    Str: 10    XL:     7   Next: 5%
Magic:  10/10      EV: 13    Int: 15    God:    Trog [*.....]
Gold:   86         SH:  0    Dex: 14    Spells: 9/10 levels left

rFire    . . .     SeeInvis .   d - +3 hand axe (elec)
rCold    . . .     Gourm    .   (no shield)
rNeg     . . .     Faith    .   v - +0 ring mail (curse)
rPois    .         Spirit   .   n - +0 helmet
rElec    .         Reflect  .   r - +0 cloak
rCorr    .         Harm     .   (no gloves)
MR       .....                  (no boots)
Stlth    +.........             (no amulet)
HPRegen  0.19/turn              (no ring)
MPRegen  0.12/turn              (no ring)

@: no status effects
A: change form in water, swift swim, stealthy swim
a: Berserk, Renounce Religion


You were on level 1 of the Abyss.
You worshipped Trog.
Trog was aware of your devotion.
You were not hungry.

You visited 1 branch of the dungeon, and saw 4 of its levels.
You visited the Abyss 1 time.

You collected 86 gold pieces.

Inventory:

Hand Weapons
 d - a +3 hand axe of electrocution (weapon)
 o - a +1 dagger of venom
Missiles
 f - 108 stones (quivered)
 t - 15 poisoned darts
Armour
 m - a +2 animal skin
 n - a +0 helmet (worn)
 r - a +0 cloak (worn)
 v - a cursed +0 ring mail (worn)
Scrolls
 a - a scroll of fog
 h - 2 scrolls of magic mapping
 i - a scroll of fear {unknown}
 j - a scroll of enchant weapon
 k - 2 scrolls of teleportation
 p - a scroll of identify
 q - a scroll of remove curse {unknown}
Potions
 b - a potion of might
 e - a potion of degeneration {unknown}
 g - 2 potions of mutation
 l - a potion of haste
 s - a potion of flight {unknown}
 u - a potion of magic {unknown}
 x - a potion of curing {unknown}
Comestibles
 c - 6 rations
 w - a chunk of flesh


   Skills:
 - Level 6.0 Fighting
 - Level 6.2 Dodging
 + Level 2.1 Stealth
 - Level 2.0 Spellcasting
 - Level 3.2 Necromancy


You had 9 spell levels left.
You knew the following spells:

 Your Spells              Type           Power        Failure   Level  Hunger
a - Pain                  Necr           ##..         16%         1    #......

Your spell library contained the following spells:

 Spells                   Type           Power        Failure   Level  Hunger
 Animate Skeleton         Necr           N/A          16%         1    #......
 Vampiric Draining        Necr           ##........   41%         3    ###....
 Regeneration             Chrm/Necr      #.........   65%         3    ###....
 Animate Dead             Necr           N/A          83%         4    #####..


Dungeon Overview and Level Annotations

Branches:
Dungeon (4/15)
 Temple: D:4-7

Altars:
Trog
Xom
The Shining One

Annotations:
D:4 Blork the orc


Message History

You hit the thrashing horror.
The thrashing horror is lightly damaged.
The thrashing horror barely misses you.
The thrashing horror tramples you but does no damage.
The thrashing horror barely misses you.
The thrashing horror tramples you but does no damage.
A wretched star comes into view.
You barely miss the thrashing horror.
The thrashing horror is lightly damaged.
The thrashing horror tramples you!
You hold your ground!
The thrashing horror tramples you.
You stumble backwards!
The thrashing horror tramples you!
* * * LOW HITPOINT WARNING * * *
You stumble backwards!
You slash the thrashing horror!
The thrashing horror is moderately damaged.
The thrashing horror tramples you.
* * * LOW HITPOINT WARNING * * *
You hold your ground!
The thrashing horror tramples you!
You die...

... ..##
..## #..# #
####.####
#....#....#
#.##.#.####
. #.#X#
#.##..@#.
#.###.## #
#.# ### #..
#.#> ..###
#.. ≈≈ #.#
≈≈ ..J. ≈


You could see a thrashing horror.

Vanquished Creatures
  An ogre (D:4)
  A small abomination (Abyss:1)
  A bullfrog skeleton (D:3)
  Crazy Yiuf (D:3)
  Natasha (thrice) (D:2)
  A worker ant (D:4)
  Robin (D:2)
  2 adders
  An ooze (D:1)
  A worm (D:3)
  4 dart slugs
  A leopard gecko (D:1)
  2 orcs (D:3)
  2 ball pythons
  6 giant cockroaches
  19 goblins
  6 hobgoblins
  4 jackals (D:1)
  8 kobolds
  A bat (D:1)
  3 frilled lizards
  A jackal skeleton (D:4)
  10 rats
80 creatures vanquished.

Notes
Turn   | Place    | Note
-------+----------+-------------------------------------------
     0 | D:1      | Fingolfin the Merfolk Necromancer began the quest for the
                  | Orb.
     0 | D:1      | Reached XP level 1. HP: 13/13 MP: 3/3
   113 | D:1      | Reached skill level 1 in Fighting
   151 | D:1      | Reached XP level 2. HP: 22/22 MP: 5/5
   407 | D:1      | Reached XP level 3. HP: 18/28 MP: 6/6
  1117 | D:2      | Found a shimmering altar of Xom.
  1117 | D:2      | Found a shimmering altar of Xom.
  1118 | D:2      | Found a shimmering altar of Xom.
  1119 | D:2      | Found a shimmering altar of Xom.
  1203 | D:2      | Found a bloodstained altar of Trog.
  1215 | D:2      | Became a worshipper of Trog the Wrathful
  1412 | D:2      | Noticed Robin
  1424 | D:2      | Killed Robin
  1424 | D:2      | Reached XP level 4. HP: 22/37 MP: 7/7
  1904 | D:2      | Noticed Natasha
  1905 | D:2      | Killed Natasha
  1906 | D:2      | Reached * piety under Trog
  1938 | D:2      | Reached XP level 5. HP: 42/43 MP: 8/8
  2161 | D:2      | Noticed Natasha
  2166 | D:2      | Killed Natasha
  2166 | D:2      | Reached skill level 5 in Fighting
  2233 | D:2      | Noticed Natasha
  2242 | D:2      | Killed Natasha
  2307 | D:3      | Upgraded the game from 0.24.0-13-gcf9b3192b9 to
                  | 0.24.0-28-g17ded55e90
  2688 | D:3      | Reached XP level 6. HP: 52/52 MP: 9/9
  2791 | D:3      | Found a runed translucent door.
  2792 | D:3      | Noticed Crazy Yiuf
  2848 | D:3      | Killed Crazy Yiuf
  2896 | D:3      | Found a glowing golden altar of the Shining One.
  3100 | D:4      | Reached skill level 5 in Dodging
  3137 | D:4      | Noticed Blork the orc
  3141 | D:4      | Cast into level 1 of the Abyss (Blork the orc)
  3154 | Abyss:1  | Reached XP level 7. HP: 20/58 MP: 10/10
  3237 | Abyss:1  | Noticed a thrashing horror
  3239 | Abyss:1  | Noticed a wretched star
  3241 | Abyss:1  | Slain by a thrashing horror

Levels and vault maps discovered:
D:1:      tarquinn_simple_flora_water_b, layout_loops_ring
D:2:      layout_loops_ring, bloody_trog, xom_redecorated, uniq_robin,
          uniq_natasha
D:3:      layout_rooms, nicolae_tso_carved_into_rock, st_stairs_3,
          minmay_vboxes, uniq_crazy_yiuf_cottage
D:4:      layout_basic, minmay_temple_entry_glassed_door, uniq_blork_the_orc
Abyss:1:  base:
D:2

Skill      XL: |  1  2  3  4  5  6 |
---------------+-------------------+-----
Fighting       | 1 2 4 6 |  6.0
Dodging        | 3 6 |  6.2
Stealth        | |  2.1
Spellcasting   | |  2.0
Necromancy     | |  3.2

Action                   |  1- 3 |  4- 6 |  7- 9 || total
-------------------------+-------+-------+-------++-------
Melee: Hand axe          |    84 |    91 |     3 ||   178
Invok: Berserk           |       |     1 |       ||     1
  Use: Scroll            |       |     7 |       ||     7
 Stab: Sleeping          |     4 |     5 |       ||     9
  Eat: Chunk             |     2 |     6 |       ||     8
Armor: Robe              |    13 |       |       ||    13
       Leather armour    |     5 |     1 |       ||     6
       Animal skin       |       |     4 |       ||     4
       Ring mail         |       |     3 |     2 ||     5
Dodge: Dodged            |    54 |    42 |     2 ||    98
